Map: Ever Dream LE

Players

FREElancer

  • Race: Terran Terran
  • League: Gold
  • Spawn Location: 1:00

Cheater 1 (Vision) - Winner!

  • Race: Protoss Protoss
  • Spawn Location: 7:00

VOD

Have the link to the VOD?

Description

Time

  • Played on: Sept. 19, 2020, 8:20 a.m.
  • Length: 18:34
Show
View Real Time Build Order
Export as new Build Order

FREElancer Terran 

Build Orders: Reaper Expand 

Get SALT Encoding   

  12  0:00  SCV  
  13  0:12  SCV  
  14  0:17  Supply Depot  
  14  0:24  SCV  
  15  0:39  SCV  
  15  0:40  Barracks  
  16  0:48  Refinery  
  16  0:53  SCV  
  17  1:05  SCV  
  18  1:17  SCV  
  19  1:30  Orbital Command  
  19  1:31  Reaper  
  20  1:44  Command Center  
  20  1:58  SCV  
  20  2:00  Supply Depot  
  21  2:03  Marine  
  22  2:13  SCV  
  23  2:17  Factory  
  23  2:22  Refinery  
  23  2:25  SCV  
  23  2:28  Bunker  
  24  2:37  SCV  
  24  2:39  Barracks Reactor  
  25  2:49  SCV  
  26  2:58  Orbital Command  
  26  3:01  SCV  
  27  3:06  Starport  
  27  3:09  Widow Mine  
  29  3:13  SCV  
  30  3:21  Marine x2  
  30  3:25  SCV  
  33  3:29  SCV  
  33  3:37  SCV  
  33  3:39  Marine x2  
  33  3:41  Widow Mine  
  38  3:42  SCV  
  38  3:43  Medivac  
  41  3:50  SCV  
  41  3:55  SCV  
  43  3:56  Supply Depot  
  43  3:57  Marine x2  
  43  4:02  SCV  
  46  4:17  SCV  
  46  4:18  SCV, Supply Depot, Widow Mine  
  46  4:23  Starport Tech Lab  
  50  4:26  Marine x2  
  50  4:30  SCV x2  
  54  4:38  Barracks x2  
  54  4:41  Supply Depot  
  54  4:42  SCV x2  
  54  4:44  Marine x2  
  58  4:46  Raven  
  58  4:47  Factory Tech Lab  
  60  4:54  SCV x2  
  62  5:03  Marine x2  
  62  5:04  Refinery x2  
  62  5:06  SCV x2  
  66  5:11  Command Center  
  66  5:12  Siege Tank  
  69  5:18  SCV  
  69  5:19  Supply Depot  
  70  5:28  Engineering Bay x2  
  70  5:34  Supply Depot  
  70  5:41  SCV x2  
  72  5:43  Supply Depot  
  72  5:49  Stimpack  
  72  5:53  SCV x2  
  72  5:57  Medivac, Liberator  
  79  6:05  SCV x2  
  81  6:17  SCV x2  
  83  6:25  Barracks Reactor  
  83  6:26  Marine x2  
  83  6:29  SCV  
  83  6:30  SCV  
  83  6:32  Supply Depot  
  87  6:34  Terran Infantry Weapons Level 1  
  87  6:35  Terran Infantry Armor Level 1  
  87  6:41  SCV, Medivac x2  
  87  6:42  SCV  
  87  6:44  Marine  
  87  6:45  Marauder  
  96  7:02  Marauder  
  98  7:10  SCV x2  
  98  7:11  Marine x2  
  98  7:12  Marine  
  98  7:14  Supply Depot  
  103  7:18  Missile Turret  
  103  7:22  Armory, SCV  
  104  7:23  SCV, Marine  
  104  7:26  Orbital Command  
  104  7:29  Marine x2  
  107  7:30  Marauder  
  110  7:41  Marauder  
  112  7:46  Refinery  
  112  7:47  Refinery, Marine x2  
  114  7:51  Marauder  
  114  7:55  Medivac x2  
  120  8:00  Supply Depot  
  120  8:02  Supply Depot  
  120  8:03  SCV x3, Marauder  
  125  8:21  Marine x2  
  125  8:22  SCV, Marauder  
  125  8:24  Marauder  
  132  8:39  Marine  
  133  8:43  Marauder, Marine  
  133  8:45  Marine  
  133  8:48  Supply Depot x2  
  136  9:03  Marauder  
  123  9:24  Marine x3  
  123  9:25  Marine  
  118  9:31  Medivac x2  
  113  9:43  Marauder  
  104  9:47  Marine x3  
  103  10:01  Medivac x2  
  103  10:04  Marauder, Marine  
  103  10:05  Marine x2  
  107  10:22  Marine x2  
  107  10:23  Marauder  
  107  10:26  Marauder  
  107  10:27  Supply Depot  
  113  10:37  SCV x3  
  113  10:38  Terran Infantry Weapons Level 2  
  113  10:39  Terran Infantry Armor Level 2  
  113  10:40  Marine x2  
  118  10:45  Marauder  
  118  10:46  Marine  
  118  10:49  SCV x3  
  124  10:53  Barracks  
  124  10:54  Barracks  
  124  10:56  Barracks  
  124  10:58  Medivac x2, Marine x2  
  130  11:05  Marauder, Marine  
  130  11:08  Barracks  
  130  11:09  Combat Shield, Barracks  
  133  11:13  Concussive Shells  
  133  11:16  Marine x2  
  135  11:24  Marauder  
  137  11:26  Marine  
  137  11:29  Ghost Academy  
  137  11:32  Supply Depot  
  138  11:34  Medivac x2, Marine  
  138  11:36  Marine  
  144  11:44  Marauder  
  144  11:45  Marauder  
  144  11:46  Barracks Tech Lab  
  148  11:47  Barracks Tech Lab  
  148  11:51  Marine  
  148  11:53  Marine  
  146  11:59  Barracks Tech Lab x2  
  146  12:00  Barracks Tech Lab  
  146  12:04  Medivac x2  
  146  12:05  Marauder  
  146  12:06  Marine  
  146  12:07  Marine x2  
  155  12:17  Marine x4  
  155  12:18  Marine  
  160  12:25  Marauder x3  
  160  12:26  Marine  
  160  12:29  Supply Depot  
  167  12:31  Supply Depot  
  167  12:34  Medivac x2, Marine  
  167  12:35  Marine  
  172  12:51  Marauder x4  
  180  12:53  Marauder  
  181  13:03  Marine x3  
  181  13:04  Marauder  
  186  13:12  Marauder  
  188  13:16  Marine  
  189  13:20  Supply Depot  
  189  13:39  Marine  
  189  13:41  Marauder  
  154  13:57  Marine x4  
  154  13:58  Marauder  
  130  14:08  Marine x2  
  130  14:09  Marauder, Marine  
  118  14:14  Marine  
  118  14:15  Marauder, Marine x2  
  110  14:19  Marauder  
  108  14:26  Marine x3  
  108  14:30  Marine  
  108  14:31  Command Center  
  112  14:32  Marine x2  
  112  14:33  Marauder  
  112  14:37  Marauder  
  118  14:40  Marine  
  118  14:44  Marine  
  118  14:45  Marauder x2  
  122  14:49  Marauder  
  122  14:52  Marine x2  
  126  14:54  Medivac x2, Marine  
  126  14:58  Marauder x2  
  134  15:02  Marauder  
  134  15:06  Marauder, Marine  
  139  15:09  Marine  
  139  15:13  Marauder  
  131  15:26  Marine x4  
  131  15:27  Marauder x2, Marine  
  128  15:34  Marine x2  
  130  15:36  Medivac x2  
  134  15:44  Marine x3  
  134  15:45  Marauder x2  
  134  15:48  Marine x2  
  143  15:51  Supply Depot  
  143  15:52  Marine x2  
  145  16:02  Marine x3  
  148  16:06  Medivac x2, Marine x4  
  148  16:09  Ghost  
  148  16:10  Ghost  
  160  16:19  Ghost  
  160  16:23  Ghost  
  164  16:32  Marine x2  
  164  16:33  Marine x3  
  164  16:39  Marauder x2  
  173  16:48  Marine  
  173  16:50  Marine x3  
  173  16:51  Marauder x2  
  181  16:58  Refinery  
  181  16:59  Refinery  
  180  17:05  Marine x2  
  180  17:06  Marine  
  170  17:26  Marine x2  
  150  17:34  Marine x4  
  150  17:35  Marine x3  
  148  17:43  Medivac x2  
  148  17:44  Marine x2  
  116  17:52  Marauder, Marine x2  
  116  17:53  Marauder x3, Marine  
  127  18:02  Marine x2  
  124  18:11  Marauder  
Show
View Real Time Build Order
Export as new Build Order

Cheater 1 (Vision) Protoss - Winner!

Build Orders: 1 Gate Expand 

Get SALT Encoding   

  12  0:00  Probe  
  13  0:13  Probe  
  14  0:19  Pylon  
  14  0:25  Probe  
  15  0:33  Probe  
  15  0:41  Probe  
  17  0:50  Gateway  
  17  0:51  Probe  
  18  0:59  Probe  
  19  1:07  Probe  
  19  1:10  Assimilator  
  19  1:13  Pylon  
  20  1:32  Nexus  
  20  1:40  Cybernetics Core  
  20  1:43  Probe  
  21  1:49  Zealot  
  23  2:00  Probe  
  23  2:01  Gateway  
  23  2:04  Warp Gate  
  24  2:08  Probe  
  24  2:11  Pylon  
  25  2:18  Probe, Zealot  
  28  2:30  Probe  
  28  2:32  Assimilator  
  29  2:43  Probe  
  30  2:45  Adept  
  30  2:48  Adept  
  30  2:50  Probe  
  35  2:57  Pylon  
  35  3:00  Probe  
  36  3:10  Probe  
  36  3:12  Probe  
  38  3:15  Adept  
  38  3:18  Sentry  
  42  3:23  Probe  
  42  3:24  Probe  
  44  3:32  Robotics Facility  
  44  3:35  Stalker  
  44  3:40  Forge  
  46  3:53  Probe  
  46  3:54  Probe  
  48  3:59  Adept  
  50  4:05  Probe  
  50  4:06  Probe  
  52  4:12  Adept  
  55  4:17  Probe  
  55  4:18  Probe, Pylon  
  55  4:20  Photon Cannon, Observer  
  55  4:22  Photon Cannon  
  57  4:29  Probe  
  57  4:31  Probe  
  59  4:36  Stalker  
  59  4:37  Pylon  
  61  4:41  Probe x2, Immortal  
  61  4:44  Stalker  
  69  4:51  Probe  
  69  4:53  Probe  
  69  4:55  Robotics Facility  
  69  4:59  Stalker  
  73  5:06  Probe  
  74  5:14  Pylon  
  74  5:16  Probe, Pylon  
  74  5:19  Probe  
  75  5:24  Assimilator  
  76  5:33  Probe, Immortal  
  81  5:35  Twilight Council  
  81  5:38  Assimilator  
  81  5:44  Gateway  
  81  5:45  Probe  
  81  5:47  Pylon  
  81  5:48  Probe  
  83  5:56  Probe  
  83  5:57  Zealot  
  85  6:00  Probe  
  87  6:10  Pylon  
  87  6:11  Probe  
  87  6:13  Probe  
  87  6:18  Templar Archives  
  81  6:21  Zealot x2  
  81  6:23  Probe  
  81  6:25  Probe  
  87  6:33  Pylon  
  87  6:34  Zealot, Nexus  
  87  6:35  Probe  
  87  6:38  Zealot  
  92  6:41  Probe, Zealot  
  95  6:47  Probe  
  95  6:51  Sentry  
  98  6:58  Pylon, Zealot  
  98  7:01  Zealot  
  102  7:03  Probe x2  
  97  7:09  Stalker  
  97  7:15  Probe x2, Protoss Ground Weapons Level 1  
  100  7:18  Stalker  
  100  7:21  High Templar  
  105  7:24  Pylon  
  105  7:25  Probe  
  105  7:27  Probe, Zealot  
  109  7:41  Stalker, Forge  
  111  7:46  Probe x2  
  111  7:47  Probe, Stalker  
  111  7:51  Sentry  
  118  7:58  Probe  
  119  7:59  Probe x2  
  119  8:03  Zealot  
  123  8:06  Zealot  
  123  8:07  Charge  
  123  8:10  Probe, Stalker  
  123  8:11  Probe, Pylon  
  123  8:12  Probe  
  130  8:13  Protoss Ground Armor Level 1  
  130  8:17  High Templar  
  132  8:20  Nexus  
  132  8:22  Probe  
  132  8:25  Probe  
  132  8:26  Probe  
  135  8:34  Probe  
  135  8:37  Probe, Stalker, Archon  
  135  8:38  Probe, High Templar  
  135  8:40  Pylon  
  142  8:46  Probe, High Templar  
  145  8:49  Probe  
  145  8:54  Assimilator  
  146  8:58  Assimilator  
  146  9:00  Zealot  
  146  9:02  Pylon  
  148  9:03  Probe  
  148  9:05  Probe x2  
  135  9:10  Zealot  
  135  9:14  Stalker  
  135  9:15  Probe  
  135  9:17  Probe  
  134  9:18  Probe  
  134  9:20  Zealot  
  130  9:27  Probe  
  130  9:29  Probe  
  130  9:30  Probe, Zealot  
  123  9:32  Probe, Zealot  
  107  9:39  Probe  
  107  9:40  Zealot  
  107  9:41  Probe  
  107  9:42  Probe  
  107  9:44  Probe, Zealot  
  113  9:48  Psionic Storm  
  113  9:50  Archon  
  113  9:52  Probe, Sentry  
  116  9:53  Probe  
  116  9:55  Probe  
  116  9:56  Probe  
  119  10:00  High Templar x2  
  119  10:03  Probe  
  119  10:05  Probe, Photon Cannon  
  120  10:07  Probe  
  120  10:08  Stalker, Photon Cannon  
  120  10:09  Probe  
  120  10:11  Probe  
  120  10:18  Immortal  
  120  10:20  Archon  
  109  10:28  Zealot  
  115  10:32  Stalker x2  
  115  10:34  Probe x2  
  119  10:35  Probe  
  119  10:37  Probe  
  119  10:40  Immortal  
  116  10:45  Probe  
  116  10:48  Probe x2, Stalker, High Templar  
  116  10:49  Protoss Ground Weapons Level 2  
  127  10:55  Sentry  
  129  10:57  Immortal  
  129  11:00  Probe  
  129  11:03  Pylon  
  131  11:07  Pylon  
  131  11:08  Probe, Stalker  
  131  11:09  Pylon  
  131  11:10  Probe  
  134  11:13  Observer  
  134  11:18  High Templar  
  136  11:20  Zealot  
  136  11:24  Photon Cannon  
  139  11:31  Probe, Stalker  
  139  11:32  Photon Cannon  
  140  11:34  Immortal  
  140  11:37  Pylon  
  140  11:38  Probe x3  
  145  11:40  Zealot  
  145  11:43  Archon  
  145  11:44  Photon Cannon  
  145  11:46  High Templar  
  145  11:47  Blink  
  149  11:52  Pylon  
  149  11:54  Zealot  
  149  11:57  Gateway  
  149  12:01  Adept  
  153  12:03  Photon Cannon  
  153  12:10  Immortal  
  153  12:13  Sentry  
  153  12:14  Zealot  
  153  12:15  Observer  
  162  12:16  Photon Cannon  
  162  12:18  Nexus  
  162  12:19  Stalker  
  164  12:31  Observer  
  164  12:34  Zealot, High Templar  
  164  12:36  Zealot  
  171  12:41  Archon  
  171  12:47  Warp Prism  
  171  12:48  Warp Prism  
  171  12:50  Zealot  
  175  12:51  Stalker  
  175  12:54  Zealot  
  175  13:06  Stalker  
  175  13:09  Zealot  
  175  13:10  Stalker  
  175  13:11  Stalker  
  183  13:23  Immortal  
  183  13:25  Immortal, Zealot  
  193  13:27  High Templar  
  193  13:29  Zealot  
  197  13:34  High Templar  
  197  13:40  Zealot  
  191  13:49  Zealot  
  191  13:51  Assimilator  
  167  13:56  Immortal  
  167  13:58  Assimilator  
  167  13:59  Zealot  
  167  14:00  Adept  
  167  14:01  Stalker  
  149  14:08  Zealot  
  139  14:16  Zealot  
  125  14:20  Zealot  
  125  14:22  Zealot  
  125  14:24  High Templar  
  113  14:32  Immortal  
  113  14:36  Adept  
  115  14:39  Protoss Ground Armor Level 2, Photon Cannon  
  115  14:40  Stalker, Zealot  
  115  14:42  Probe  
  115  14:44  Photon Cannon  
  123  14:56  High Templar  
  123  14:57  Stalker  
  123  14:58  Gateway  
  127  15:00  Stalker  
  127  15:01  Probe  
  127  15:02  Zealot  
  127  15:04  Nexus, Photon Cannon, Archon  
  127  15:05  Probe  
  129  15:07  Photon Cannon  
  129  15:08  Probe  
  129  15:10  Probe, Protoss Ground Weapons Level 3  
  129  15:13  Probe  
  131  15:18  High Templar  
  131  15:19  Adept  
  133  15:23  Zealot  
  133  15:25  Immortal  
  133  15:28  Zealot  
  139  15:37  Immortal, High Templar  
  139  15:39  Sentry  
  139  15:41  Pylon  
  147  15:43  Photon Cannon  
  147  15:45  Zealot  
  147  15:48  Stalker  
  151  15:51  Sentry  
  153  15:57  Archon  
  153  15:59  Stalker  
  155  16:05  Zealot, High Templar  
  155  16:06  Immortal  
  155  16:07  Gateway  
  163  16:11  Zealot  
  163  16:14  Zealot  
  163  16:16  High Templar  
  169  16:21  Zealot  
  169  16:25  Pylon  
  171  16:26  Zealot  
  171  16:30  Photon Cannon  
  171  16:31  Archon, Photon Cannon  
  173  16:34  Zealot  
  173  16:35  Sentry  
  173  16:36  Probe  
  173  16:37  High Templar  
  179  16:41  Zealot  
  179  16:42  Stalker  
  179  16:44  Robotics Facility  
  183  16:48  Photon Cannon  
  183  16:54  Stalker  
  183  16:58  Stalker  
  183  16:59  High Templar  
  189  17:01  Stalker  
  189  17:02  Zealot  
  189  17:07  Immortal  
  189  17:08  Nexus  
  197  17:10  Stalker  
  197  17:11  Stargate  
  197  17:13  Forge  
  198  17:19  Pylon  
  177  17:24  Probe x2  
  177  17:26  Probe  
  177  17:28  Probe  
  165  17:33  Zealot  
  165  17:35  Zealot  
  165  17:36  Probe x2  
  158  17:38  Adept  
  158  17:41  Probe  
  158  17:43  Probe  
  149  17:47  Stalker  
  149  17:48  Probe x2  
  149  17:49  Sentry  
  155  17:53  Probe  
  155  17:55  Probe, Zealot  
  155  17:58  Zealot, Nexus  
  161  18:01  Zealot  
  161  18:03  Zealot  
  165  18:07  Zealot  
  165  18:12  Zealot  
  169  18:15  Zealot  
  169  18:19  Stalker  
  165  18:21  High Templar  
Tags
 
Add a new tag
Caveats
  • Supply blocks, unpowered buildings, or Contaminate may cause inaccurate times.
  • Supply counts are checked every 10 seconds.